 Dungeon Crawl Stone Soup version 0.18.1-50-g88ac8fd (webtiles) character file.

389 sleepydude the Shield-Bearer (level 7, -4/55 HPs)
             Began as a Formicid Fighter on Oct 16, 2016.
             Killed from afar by Dowan (14 damage)
             ... with a shard of ice
             ... on level 4 of the Dungeon.
             The game lasted 00:10:03 (3800 turns).

sleepydude the Shield-Bearer (Formicid Fighter)     Turns: 3800, Time: 00:10:04

Health: -4/55      AC: 12    Str: 23    XL:     7   Next: 7%
Magic:  7/7        EV:  6    Int:  7    God:
Gold:   257        SH: 10    Dex: 10    Spells: 0 memorised, 6 levels left

rFire  . . .     SeeInvis +     a - +0 flail
rCold  . . .     Gourm    .     j - +0 chain mail (curse)
rNeg   . . .     Faith    .     c - +0 shield
rPois  .         Spirit   .     (helmet unavailable)
rElec  .         Dismiss  .     (no cloak)
rCorr  .         Reflect  .     o - +2 pair of gloves
SustAt .         Harm     .     (no boots)
MR     .....                    (no amulet)
Stlth  ..........               (no ring)
                                (no ring)

@: not resistant to hostile enchantments, extremely unstealthy
A: permanent stasis, dig shafts and tunnels, four strong arms, antennae 3
a: Dig, Shaft Self


You were on level 4 of the Dungeon.
You were not hungry.

You visited 1 branch of the dungeon, and saw 5 of its levels.

You collected 257 gold pieces.

Inventory:

Hand Weapons
 a - a +0 flail (weapon)
Armour
 c - a +0 shield (worn)
 j - a cursed +0 chain mail (worn)
 o - a +2 pair of gloves (worn)
Jewellery
 y - an uncursed amulet of regeneration {unknown}
Scrolls
 b - a scroll of amnesia {unknown}
 d - a scroll of enchant weapon {unknown}
 h - 6 scrolls of teleportation
 m - 3 scrolls of identify {unknown}
 r - a scroll of immolation {unknown}
 v - 3 scrolls of magic mapping {unknown}
 w - a scroll of fog {unknown}
 x - 2 scrolls of remove curse
Potions
 e - 3 potions of invisibility {unknown}
 g - 3 potions of brilliance {unknown}
 k - 2 potions of flight {unknown}
 n - a potion of cancellation {unknown}
 p - a potion of heal wounds {unknown}
 q - 3 potions of agility {unknown}
 s - a potion of curing {unknown}
 t - a potion of degeneration {unknown}
 u - a potion of cure mutation {unknown}
 z - a potion of mutation {unknown}
Comestibles
 f - 4 bread rations
 i - a royal jelly
 l - 5 meat rations


   Skills:
 + Level 4.9 Fighting
 + Level 4.0 Maces & Flails
 + Level 4.7 Armour
 + Level 5.4 Shields


You had 6 spell levels left.
You didn't know any spells.

Dungeon Overview and Level Annotations

Branches:
Dungeon (5/15)
 Temple: D:4-7

Altars:
Ashenzari
Fedhas
Kikubaaqudgha
Pakellas
Yredelemnul

Annotations:
D:4 Dowan


Innate Abilities, Weirdness & Mutations

You are under a permanent stasis effect.
You can dig through walls and to a lower floor.
Your four strong arms can wield two-handed weapons with a shield.
You have a pair of large antennae on your head (SInv).


Message History

You closely miss Dowan.
Dowan is moderately wounded.
Dowan points at you and mumbles some strange words.
The shard of ice hits you!
* * * LOW HITPOINT WARNING * * *
You block Dowan's attack.
You hit Dowan but do no damage.
Dowan is moderately wounded.
Dowan barely misses you. Dowan hits you with a dagger.
* * * LOW HITPOINT WARNING * * *
Unknown command.
You closely miss Dowan.
Dowan is moderately wounded.
Dowan hits you but does no damage. x2
You completely miss Dowan.
Dowan is moderately wounded.
Dowan hits you but does no damage. Dowan casts a spell at you.
The shard of ice hits you!
You die...

#...######.#.....########## #.#.#
#........#.####..##.......# #.#.#
#...####.#.####..##.......# #.#.#
......<..........##.......# #.#.#
............##............# #....
............##.#.##.......# ##...
...............#.##.......# #....
...<..###.#.#...[##.......# #....
......# #.#.#(.#@##>####### #....
......# #.#.....e##.# ##...
......# #.###.......# ###.
......# #..........## #.
#...######...>..##.# ##### #.
##.........####.##.#####...#####.
......###..####.##.......#.......
.............##.########...######
........#..#.##.# #####


You could see Dowan.

Vanquished Creatures
  Duvessa (D:4)
  A gnoll sergeant (D:3)
  A hound (D:3)
  2 adders (D:3)
  8 gnolls
  A worm (D:2)
  11 dart slugs
  2 giant geckos
  2 orcs (D:3)
  3 bat zombies (D:3)
  A giant cockroach (D:3)
  5 goblins
  7 hobgoblins
  2 jackals (D:2)
  8 kobolds
  2 quokkas (D:2)
  A ball python (D:1)
  4 bats (D:3)
  5 giant newts
  A quokka skeleton (D:4)
  20 rats
  A rat zombie (D:3)
89 creatures vanquished.

Notes
Turn   | Place    | Note
--------------------------------------------------------------
     0 | D:1      | sleepydude the Formicid Fighter began the quest for the Orb.
     0 | D:1      | Reached XP level 1. HP: 18/18 MP: 1/1
    98 | D:1      | Reached XP level 2. HP: 24/24 MP: 2/2
   444 | D:1      | Reached XP level 3. HP: 26/29 MP: 3/3
   579 | D:1      | Reached skill level 4 in Shields
   687 | D:2      | Reached XP level 4. HP: 4/36 MP: 4/4
  1012 | D:2      | Found a basalt altar of Yredelemnul.
  1014 | D:2      | Found a shattered altar of Ashenzari.
  1023 | D:2      | Found an oddly glowing altar of Pakellas.
  1207 | D:2      | Found a blossoming altar of Fedhas.
  1740 | D:3      | Noticed a gnoll sergeant
  1765 | D:2      | Reached XP level 5. HP: 41/42 MP: 5/5
  2054 | D:3      | Reached skill level 5 in Shields
  2054 | D:3      | Reached XP level 6. HP: 28/49 MP: 6/6
  2672 | D:3      | Found an ancient bone altar of Kikubaaqudgha.
  3480 | D:5      | Entered Level 5 of the Dungeon
  3480 | D:5      | Noticed Duvessa
  3480 | D:5      | Noticed Dowan
  3783 | D:4      | Killed Duvessa
  3783 | D:4      | Reached XP level 7. HP: 43/55 MP: 7/7
  3800 | D:4      | Killed from afar by Dowan

Skill      XL: |  1  2  3  4  5  6 |
---------------+-------------------+-----
Shields        | 4 5 |  5.4
Armour         | 4 |  4.7
Maces & Flails | 3 4 |  4.0
Fighting       | 4 |  4.9

Action                   |  1- 3 |  4- 6 |  7- 9 || total
-------------------------+-------+-------+-------++-------
Melee: Flail             |    73 |   241 |    13 ||   327
 Abil: Dig               |       |     1 |       ||     1
  Use: Scroll            |     2 |       |       ||     2
       Potion            |     1 |       |       ||     1
  Eat: Chunk             |       |     6 |       ||     6
       Royal jelly       |       |     1 |       ||     1
       Pizza             |       |     1 |       ||     1
Armor: Scale mail        |    19 |   106 |       ||   125
       Chain mail        |       |    19 |     9 ||    28
Dodge: Dodged            |    18 |    85 |     2 ||   105
Block: Shield            |    32 |   152 |    10 ||   194
